 Dungeon Crawl Stone Soup version 0.28-a0-683-ga8797d1ae1 (webtiles) character file.

Game seed: 7532751049019376201

181 mordus the Shield-Bearer (level 5, -2/41 HPs)
             Began as a Formicid Fighter on Oct 18, 2021.
             Slain by a lemure (4 damage)
             ... led by Pikel
             ... on level 4 of the Dungeon.
             The game lasted 00:05:23 (4065 turns).

mordus the Shield-Bearer (Formicid Fighter)         Turns: 4065, Time: 00:05:24

Health: -2/41      AC:  8    Str: 21    XL:     5   Next: 92%
Magic:  5/5        EV:  9    Int:  8    God:
Gold:   56         SH:  0    Dex: 10    Spells: 4/4 levels left

rFire   . . .      SeeInvis +   a - +0 flail
rCold   . . .      Faith    .   c - +0 buckler
rNeg    . . .      Spirit   .   b - +0 scale mail
rPois   .          Reflect  .   (helmet unavailable)
rElec   .          Harm     .   f - +0 cloak
rCorr   .          Rampage  .   (no gloves)
Will    .....                   (no boots)
Stlth   ..........              (no amulet)
HPRegen 0.13/turn               (no ring)
MPRegen 0.09/turn               (no ring)

@: confused
A: permanent stasis, dig shafts and tunnels, antennae 3, four strong arms
a: Dig, Shaft Self


You were on level 4 of the Dungeon.
You visited 1 branch of the dungeon, and saw 4 of its levels.

You collected 56 gold pieces.

Inventory:

Hand Weapons
 a - a +0 flail (weapon)
Armour
 b - a +0 scale mail (worn)
 c - a +0 buckler (worn)
 f - a +0 cloak (worn)
Jewellery
 j - a ring of fire
Scrolls
 e - a scroll of immolation {unknown}
 i - 5 scrolls of identify {unknown}
 k - a scroll of magic mapping {unknown}
 l - a scroll of holy word {unknown}
 m - a scroll of enchant weapon {unknown}
 n - 2 scrolls of fog {unknown}
 o - 2 scrolls of teleportation {unknown}
 p - a scroll of brand weapon {unknown}
 q - a scroll of enchant armour {unknown}
Potions
 d - a potion of might
 h - a potion of magic {unknown}
 r - a potion of curing


   Skills:
 - Level 3.2 Fighting
 * Level 4.2 Maces & Flails
 + Level 4.3 Armour
 + Level 4.8 Shields


You had 4 spell levels left.
You didn't know any spells.
Your spell library contained the following spells:

 Spells                   Type           Power      Damage    Failure   Level
 Sublimation of Blood     Necr           0%         N/A       86%         2
 Wereblood                Tmut           0%         N/A       86%         2
 Summon Hydra             Summ           0%         N/A       100%        7


Dungeon Overview and Level Annotations

Branches:
Dungeon (4/15)
 Temple: D:4-7

Altars:
Cheibriados

Annotations:
D:4 Pikel


Innate Abilities, Weirdness & Mutations

You cannot be hasted, slowed, berserked, paralysed or teleported.
You can dig through walls and to a lower floor.
You have a pair of large antennae on your head. (SInv)
Your four strong arms can wield two-handed weapons with a shield.


Message History

You feel less confused. The lemure closely misses you.
The lemure hits you but does no damage. The lemure barely misses you.
Pikel barely misses you.
You extend your mandibles.
You dig through the rock wall.
You retract your mandibles.
Pikel completely misses you.
You closely miss Pikel. The lemure hits you but does no damage.
Pikel barely misses you.
You closely miss Pikel.
Pikel zaps a wand.
You resist with some effort. You block the lemure's attack.
You closely miss Pikel. Pikel misses you. The lemure hits you.
You hit Pikel.
Pikel is lightly wounded.
Pikel barely misses you. The lemure completely misses you.
You barely miss Pikel.
Pikel zaps a wand.
Your will is overpowered!
You are confused.
The lemure hits you.
Pikel zaps a wand.
Your will is overpowered!
You are more confused.
The lemure hits you but does no damage. The lemure hits you.
The lemure hits you!
You bump into the rock wall.
The lemure barely misses you.
Pikel zaps a wand.
You resist with some effort.
You hit the lemure but do no damage. The lemure hits you but does no damage.
The lemure barely misses you. The lemure hits you.
You sock the lemure!
The lemure is moderately wounded.
The lemure hits you. The lemure closely misses you. The lemure hits you.
* * * LOW HITPOINT WARNING * * *
Pikel hits you with a +2 whip of flaming.
* * * LOW HITPOINT WARNING * * *
Pikel burns you.
* * * LOW HITPOINT WARNING * * *
The lemure closely misses you. The lemure hits you.
* * * LOW HITPOINT WARNING * * *
You are too confused!
You bump into the rock wall.
The lemure hits you.
* * * LOW HITPOINT WARNING * * *
The lemure hits you.
You die...

. #...)#... .
#....#... .
#...(#...
.####....#...
.........#...##+##
.........#.......#
...!.....#.....55#
.........###'#.5K#
..............#5@#
.####.........#####
.# #.............#
.# ##+##.........#
.# #.........# .#
{#.........# .#
#.........# .#..#
#.........# .#..#
#.........#


You could see Pikel and 4 lemures.

Vanquished Creatures
  Crazy Yiuf (D:3)
  A jelly (D:4)
  Natasha (D:4)
  3 adders
  A gnoll (D:1)
  2 worms (D:2)
  2 dart slugs (D:1)
  An orc (D:3)
  3 endoplasms (D:1)
  2 giant cockroaches
  3 goblins
  6 hobgoblins
  4 kobolds
  2 quokkas (D:1)
  6 ball pythons
  8 bats
  3 frilled lizards
  7 rats
56 creatures vanquished.

Notes
Turn   | Place    | Note
-------+----------+-------------------------------------------
     0 | D:1      | mordus the Formicid Fighter began the quest for the Orb.
     0 | D:1      | Reached XP level 1. HP: 18/18 MP: 1/1
    32 | D:1      | Found a faded altar of an unknown god.
    46 | D:1      | Reached XP level 2. HP: 11/24 MP: 2/2
   526 | D:1      | Reached XP level 3. HP: 24/29 MP: 3/3
  1821 | D:2      | Reached XP level 4. HP: 35/35 MP: 4/4
  2755 | D:3      | Found a runed translucent door.
  2756 | D:3      | Noticed Crazy Yiuf
  2807 | D:3      | Found a snail-covered altar of Cheibriados.
  3599 | D:3      | Killed Crazy Yiuf
  3600 | D:3      | Reached XP level 5. HP: 33/41 MP: 5/5
  4027 | D:4      | Noticed Natasha
  4027 | D:4      | Noticed a lemure
  4027 | D:4      | Noticed a lemure
  4027 | D:4      | Noticed Pikel
  4028 | D:4      | Noticed a lemure
  4028 | D:4      | Noticed a lemure
  4033 | D:4      | Killed Natasha
  4065 | D:4      | HP: 2/41 [lemure[Pikel] (2)]
  4065 | D:4      | Slain by a lemure

Illustrated notes

Levels and vault maps discovered:
D:1:      doesnt_arrival_eight_statues, layout_basic, basic_ecumenical_altar,
          dk_noncrumbling_3
D:2:      layout_loops_ring
D:3:      layout_basic, mainiacjoe_overflow_six_doors_small,
          small_statue_alley_b, uniq_crazy_yiuf_cottage
D:4:      layout_gridville, uniq_pikel, uniq_duvessa, uniq_natasha

Skill      XL: |  1  2  3  4  5 |
---------------+----------------+-----
Shields        | 4 |  4.8
Maces & Flails | 3 4 |  4.2
Armour         | 4 |  4.3
Fighting       | |  3.2

Action                   |  1- 3 |  4- 6 || total
-------------------------+-------+-------++-------
Melee: Flail             |   105 |    98 ||   203
 Abil: Dig               |       |     1 ||     1
  Use: Potion            |       |     2 ||     2
Armor: Scale mail        |    76 |    38 ||   114
       Skin              |       |     3 ||     3
Dodge: Dodged            |    63 |    50 ||   113
Block: Buckler           |    33 |    16 ||    49

Table legend: (Time is in decaauts)
 A = Elapsed time spent in this place.
 B = Non-inter-level travel time spent in this place.
 C = Inter-level travel time spent in this place.
 D = Time resting spent in this place.
 E = Time spent auto-exploring this place.
 F = Levels seen in this place.
 G = Mean time per level.
                   A        B        C        D        E       F      G
               +--------+--------+--------+--------+--------+-----+--------+
         Total |   4113 |   4024 |     89 |    949 |   2540 |   4 | 1028.2 |
       Dungeon |   4113 |   4024 |     89 |    949 |   2540 |   4 | 1028.2 |
               +--------+--------+--------+--------+--------+-----+--------+

Top non-repeatable levels by time:
     D:1: 1369 daAuts
     D:2: 1236 daAuts
     D:3: 1212 daAuts
     D:4: 295 daAuts
